 Dungeon Crawl Stone Soup version 0.30-a0-859-gf88a04b62d (webtiles) character file.

Game seed: 12736152200658168796

65 Mickster the Ruffian (level 3, -3/36 HPs)
             Began as a Troll Monk on Mar 6, 2023.
             Killed from afar by Sigmund (12 damage)
             ... with a puff of flame
             ... on level 2 of the Dungeon.
             The game lasted 00:16:38 (1016 turns).

Mickster the Ruffian (Troll Monk)                   Turns: 1016, Time: 00:16:39

Health: -3/36      AC:  4    Str: 21    XL:     3   Next: 92%
Magic:  2/2        EV: 10    Int:  6    God:
Gold:   92         SH:  0    Dex: 12    Spells: 2/2 levels left

rFire   . . .      SeeInvis +    h - +0 dagger (venom)
rCold   . . .      Faith    .    (no shield)
rNeg    . . .      Spirit   .    a - +0 robe
rPois   .          Reflect  .    (helmet restricted)
rElec   .          Rampage  .    (no cloak)
rCorr   .                        (gloves unavailable)
Will    .....                    (boots unavailable)
Stlth   +                        (no amulet)
HPRegen 1.06/turn                l - ring of see invisible
MPRegen 0.08/turn                (no ring)

@: confused
A: large, unfitting armour, claws 3, regeneration 1, shaggy fur 1, tough skin 1
a: no special abilities


You were on level 2 of the Dungeon.
You visited 1 branch of the dungeon, and saw 2 of its levels.

You collected 92 gold pieces.

Inventory:

Hand Weapons
 c - a +0 dagger
 f - a +0 trident of electrocution
 h - a +0 dagger of venom (weapon)
 k - a +0 mace
Missiles
 j - 10 stones (quivered)
Armour
 a - a +0 robe (worn)
 d - a +0 ring mail
 g - a +0 pair of gloves
Magical Staves
 i - a staff of air
Jewellery
 l - a ring of see invisible (left claw)
Scrolls
 e - 2 scrolls of identify
 m - a scroll of teleportation
Potions
 b - a potion of ambrosia


   Skills:
 + Level 2.6 Fighting
 * Level 0.1 Short Blades
 - Level 1.1 Polearms
 + Level 2.7 Dodging
 + Level 1.2 Stealth
 * Level 3.7 Unarmed Combat


You had 2 spell levels left.
You didn't know any spells.
Your spell library contained the following spells:

 Spells                   Type           Power      Damage    Failure   Level
 Alistair's Intoxication  Tmut/Pois      0%         N/A       100%        5
 Borgnjor's Vile Clutch   Necr/Erth      0%         N/A       100%        5
 Eringya's Noxious Bog    Tmut/Pois      0%         N/A       100%        6


Dungeon Overview and Level Annotations

Branches:
Dungeon (2/15)

Altars:
The Shining One

Annotations:
D:2 Sigmund


Innate Abilities, Weirdness & Mutations

You are too large for most types of armour.
You have claws for hands.
Your natural rate of healing is unusually fast.
You are covered in fur. (AC +1)
You have tough skin. (AC +1)


Message History

The jackal is severely wounded.
The jackal misses you.
The jackal bites you but does no damage.
You completely miss the jackal.
The jackal is severely wounded.
Sigmund hits you from afar with a +0 scythe!
The jackal bites you but does no damage.
You hit the jackal but do no damage.
The jackal is severely wounded.
The jackal bites you.
Sigmund hits you from afar with a +0 scythe!
You hit the jackal but do no damage.
The jackal looks as sick as possible!
The jackal is almost dead.
You kill the jackal!
Sigmund screams, "I am the angel of ZOT!!!"
Sigmund hits you with a +0 scythe.
You see here a jackal corpse.
You hit Sigmund.
Sigmund is lightly wounded.
Sigmund barely misses you.
You hit Sigmund.
Sigmund is lightly wounded.
You hit Sigmund but do no damage. Your claw misses Sigmund.
Sigmund is lightly wounded.
Sigmund hits you but does no damage.
You closely miss Sigmund.
Sigmund is lightly wounded.
Sigmund points at you and mumbles some strange words.
You are confused.
You hit Sigmund but do no damage.
Sigmund is lightly wounded.
Sigmund hits you with a +0 scythe!
You barely miss Sigmund.
Sigmund is lightly wounded.
You're too confused to move!
Sigmund hits you with a +0 scythe!
* * * LOW HITPOINT WARNING * * *
You bump into the rock wall.
Sigmund gestures at you while chanting. The puff of flame hits you!
You die...

.# ........)....##.#
.# ...#.##.##<####.#
## .# #.#...#.####.#
#............#
###...#.....##
...######.# # ####
#.# .#.##.#######
#.# ........@@$.#
#.#
#####.##†##>######.#
# #.#.........#
#.#..######## #.#..#
#.#..# #.#..# $.#..#
#..#


You could see Sigmund.

Vanquished Creatures
  An adder (D:2)
  3 dart slugs
  5 ball pythons
  6 endoplasms
  3 giant cockroaches
  4 goblins
  3 hobgoblins
  4 jackals (D:2)
  A quokka (D:1)
  5 bats
  2 frilled lizards (D:1)
  2 kobolds (D:1)
  3 rats (D:1)
  A spectral hobgoblin (D:1)
43 creatures vanquished.

Notes
Turn   | Place    | Note
-------+----------+-------------------------------------------
     0 | D:1      | Mickster the Troll Monk began the quest for the Orb.
     0 | D:1      | Reached XP level 1. HP: 22/22 MP: 0/0
    98 | D:1      | Reached XP level 2. HP: 24/29 MP: 1/1
   492 | D:1      | Reached XP level 3. HP: 36/36 MP: 2/2
   554 | D:1      | Found a faded altar of an unknown god.
   789 | D:2      | Reached skill level 1 in Polearms
   806 | D:2      | Found a glowing golden altar of the Shining One.
   981 | D:2      | Noticed Sigmund
  1016 | D:2      | Killed from afar by Sigmund

Illustrated notes

Levels and vault maps discovered:
D:1:      dpeg_arrival_rooms_c, layout_basic,
          dreamdust_ecumenical_altar_drowned_temple
D:2:      layout_loops_ring, basic_altar, uniq_sigmund

Skill      XL: |  1  2  3 |
---------------+----------+-----
Polearms       | 1 |  1.1
Fighting       | |  2.6
Short Blades   | |  0.1
Dodging        | |  2.7
Stealth        | |  1.2
Unarmed Combat | |  3.7

Action                     || total
---------------------------++-------
  Melee: Unarmed           ||    28
         Punch             ||     1
         Trident           ||    65
         Dagger            ||    39
    Use: Scroll            ||     7
   Stab: Sleeping          ||     1
 Armour: Robe              ||    78
  Dodge: Dodged            ||   112

Table legend: (Time is in decaauts)
 A = Elapsed time spent in this place.
 B = Non-inter-level travel time spent in this place.
 C = Inter-level travel time spent in this place.
 D = Time resting spent in this place.
 E = Time spent auto-exploring this place.
 F = Levels seen in this place.
 G = Mean time per level.
                   A        B        C        D        E       F      G
               +--------+--------+--------+--------+--------+-----+--------+
         Total |   1030 |   1012 |     18 |      0 |      0 |   2 |  515.0 |
       Dungeon |   1030 |   1012 |     18 |      0 |      0 |   2 |  515.0 |
               +--------+--------+--------+--------+--------+-----+--------+

Top non-repeatable levels by time:
     D:1: 612 daAuts
     D:2: 418 daAuts
